 Dungeon Crawl Stone Soup version 0.27-a0-488-g88baaf19db (webtiles) character file.

Game seed: 13573020354486252718

109 Klosterheim the Sneak (level 4, 0/35 HPs)
             Began as a Demonspawn Delver on Mar 1, 2021.
             Succumbed to a worker ant's poison
             ... on level 4 of the Dungeon.
             The game lasted 00:05:38 (1486 turns).

Klosterheim the Sneak (Demonspawn Delver)           Turns: 1486, Time: 00:05:38

Health: 0/35       AC:  4    Str: 13    XL:     4   Next: 60%
Magic:  4/4        EV: 12    Int: 11    God:
Gold:   5          SH:  0    Dex: 15    Spells: 3/3 levels left

rFire    . . .     SeeInvis .   a - +0 hand axe
rCold    . . .     Faith    .   (no shield)
rNeg     . . .     Spirit   .   b - +0 leather armour
rPois    .         Reflect  .   (helmet restricted)
rElec    .         Harm     .   (no cloak)
rCorr    .         Rampage  .   h - +0 pair of gloves
Will     .....                  (no boots)
Stlth    +++.......             (no amulet)
HPRegen  0.11/turn              (no ring)
MPRegen  0.09/turn              (no ring)

@: lethally poisoned (0 -> -20), about to teleport
A: antennae 1, foul stench 1
a: no special abilities


You were on level 4 of the Dungeon.
You visited 1 branch of the dungeon, and saw 3 of its levels.

You collected 5 gold pieces.

Inventory:

Hand Weapons
 a - a +0 hand axe (weapon)
Armour
 b - a +0 leather armour (worn)
 h - a +0 pair of gloves (worn)
Wands
 g - a wand of digging (3)
Scrolls
 c - a scroll of fog
 d - a scroll of magic mapping
 e - a scroll of fear
Potions
 f - a potion of haste


   Skills:
 - Level 3.0 Fighting
 + Level 4.3 Axes
 - Level 2.0 Dodging
 - Level 4.5 Stealth


You had 3 spell levels left.
You didn't know any spells.
Your spell library was empty.

Dungeon Overview and Level Annotations

Branches:
Dungeon (6/15)
 Temple: D:4-7

Altars:

Shops:
D:5 *(

Annotations:
D:4 Duvessa, Menkaure


Innate Abilities, Weirdness & Mutations

You have a pair of small antennae on your head.
You may rarely emit foul miasma when damaged in melee.


Message History

You are lethally poisoned!
The worker ant poisons you! The worker ant barely misses you.
You are too injured to fight recklessly!
You are too injured to fight recklessly!
You are too injured to fight recklessly!
You are too injured to fight recklessly!
You are too injured to fight recklessly!
You are too injured to fight recklessly!
You are too injured to fight recklessly!
You are too injured to fight recklessly!
You are too injured to fight recklessly!
You are too injured to fight recklessly!
You are too injured to fight recklessly!
You are too injured to fight recklessly!
You are too injured to fight recklessly!
You are too injured to fight recklessly!
You are too injured to fight recklessly!
You are too injured to fight recklessly!
You hit the worker ant.
The worker ant is heavily wounded.
You feel sick. The worker ant bites you.
* * * LOW HITPOINT WARNING * * *
You are more poisoned.
The worker ant poisons you!
You emit a cloud of foul miasma!
You hit the worker ant but do no damage.
The worker ant is heavily wounded.
* * * LOW HITPOINT WARNING * * *
You feel sick.
The worker ant is engulfed in dark miasma.
The worker ant is poisoned.
The worker ant bites you.
* * * LOW HITPOINT WARNING * * *
Okay, then.
As you read the scroll labelled PEWALE GEGEL, it crumbles to dust.
You feel strangely unstable.
It was a scroll of teleportation.
* * * LOW HITPOINT WARNING * * *
You feel sick.
You kill the worker ant!
Unknown command.
Okay, then.
You die...

.... ....... .... ......
.## ...##...## ..##
#..#....##... ..#
##..........
.....####...(.#.#..##
e.............#.#...##
...#.....#>.....#....#...
#....##....@.°....(...
##..####..##....#.....
### ##.##..### ...
####### #


There were no monsters in sight!

Vanquished Creatures
  A hound (D:5)
  A worker ant (D:4)
  A hound skeleton (D:5)
  A worker ant zombie (D:5)
  An adder (D:5)
  A white imp (D:5)
  2 adder skeletons
  5 jackals (D:5)
  2 quokkas
15 creatures vanquished.

Notes
Turn   | Place    | Note
-------+----------+-------------------------------------------
     0 | D:5      | Klosterheim the Demonspawn Delver began the quest for the
                  | Orb.
     0 | D:5      | Reached XP level 1. HP: 18/18 MP: 1/1
     6 | D:5      | Found Ilalex's Weapon Boutique.
     7 | D:5      | Noticed a scorpion
    35 | D:6      | Noticed an orc warrior
    36 | D:6      | Noticed a worker ant
    57 | D:6      | Noticed an ogre
   134 | D:6      | Noticed a worker ant
   139 | D:5      | Gained mutation: You have a pair of small antennae on your
                  | head. [demonic ancestry]
   139 | D:5      | Reached XP level 2. HP: 7/24 MP: 2/2
   422 | D:5      | Found Owintysch's Assorted Antiques.
   649 | D:5      | Gained mutation: You may rarely emit foul miasma when
                  | damaged in melee. [demonic ancestry]
   649 | D:5      | Reached XP level 3. HP: 21/29 MP: 3/3
  1011 | D:5      | Reached XP level 4. HP: 31/35 MP: 4/4
  1095 | D:4      | Noticed Duvessa
  1107 | D:4      | Noticed Menkaure
  1147 | D:5      | Noticed an ogre
  1486 | D:4      | Succumbed to a worker ant's poison

Illustrated notes

Levels and vault maps discovered:
D:4:      layout_cave_pools, minmay_temple_entry_large_hall, uniq_duvessa,
          uniq_menkaure, uniq_edmund
D:5:      layout_gridville, serial_shops, shop_fountains, shop, shop, shop,
          minmay_diced_spiral
D:6:      layout_cave_pools, hex_medium, hangedman_feature_mirror,
          grunt_decor_one_mirror, nicolae_lava_and_water

Skill      XL: |  1  2  3  4 |
---------------+-------------+-----
Axes           | 2 3 4 |  4.3
Dodging        | 2 |  2.0
Fighting       | |  3.0
Stealth        | |  4.5

Action                   |  1- 3 |  4- 6 || total
-------------------------+-------+-------++-------
Melee: Hand axe          |    49 |    40 ||    89
  Use: Potion            |     1 |       ||     1
       Scroll            |       |     1 ||     1
 Stab: Invisible         |     1 |       ||     1
Armor: Leather armour    |    22 |    15 ||    37
Dodge: Dodged            |    45 |    16 ||    61

Table legend: (Time is in decaauts)
 A = Elapsed time spent in this place.
 B = Non-inter-level travel time spent in this place.
 C = Inter-level travel time spent in this place.
 D = Time resting spent in this place.
 E = Time spent auto-exploring this place.
 F = Levels seen in this place.
 G = Mean time per level.
                   A        B        C        D        E       F      G
               +--------+--------+--------+--------+--------+-----+--------+
         Total |   1501 |   1417 |     84 |   1048 |     38 |   3 |  500.3 |
       Dungeon |   1501 |   1417 |     84 |   1048 |     38 |   3 |  500.3 |
               +--------+--------+--------+--------+--------+-----+--------+

Top non-repeatable levels by time:
     D:5: 1419 daAuts
     D:4: 65 daAuts
     D:6: 15 daAuts
